Map: Dusk Towers

Players

puCK (Nina)

  • Race: Protoss Protoss
  • League: Grandmaster

Cham - Winner!

  • Race: Zerg Zerg

VOD

Have the link to the VOD?

Description

Time

  • Played on: May 22, 2016, 12:04 a.m.
  • Length: 15:33
Show
View Real Time Build Order
Export as new Build Order

puCK Protoss 

Build Orders: 1 Gate Expand 

Get SALT Encoding   

  12  0:01  Probe (Chrono Boost)  
  13  0:12  Probe (Chrono Boost)  
  14  0:18  Pylon  
  14  0:22  Probe (Chrono Boost)  
  15  0:36  Probe (Chrono Boost)  
  15  0:40  Gateway  
  16  0:47  Assimilator, Probe (Chrono Boost)  
  17  0:57  Probe (Chrono Boost)  
  18  1:08  Probe (Chrono Boost)  
  19  1:19  Probe (Chrono Boost)  
  19  1:24  Nexus  
  20  1:33  Cybernetics Core  
  20  1:35  Probe (Chrono Boost)  
  21  1:40  Assimilator  
  21  1:45  Probe (Chrono Boost)  
  22  1:50  Pylon  
  22  1:56  Probe (Chrono Boost)  
  23  2:08  Probe (Chrono Boost)  
  23  2:12  Stalker (Chrono Boost)  
  26  2:20  Mothership Core  
  28  2:25  Warp Gate  
  28  2:38  Probe  
  28  2:41  Adept (Chrono Boost), Probe  
  32  2:48  Probe  
  33  2:53  Probe  
  33  2:58  Robotics Facility  
  34  2:59  Probe  
  34  3:03  Gateway  
  35  3:05  Probe  
  35  3:09  Probe  
  35  3:10  Sentry (Chrono Boost)  
  39  3:14  Gateway  
  39  3:18  Probe  
  40  3:20  Probe  
  41  3:28  Pylon  
  41  3:30  Probe x2  
  41  3:33  Sentry (Chrono Boost)  
  45  3:42  Probe  
  45  3:45  Probe  
  47  3:54  Probe  
  48  3:56  Nexus  
  48  4:00  Probe  
  49  4:06  Probe (Chrono Boost)  
  50  4:10  Pylon  
  50  4:12  Probe (Chrono Boost)  
  50  4:13  Pylon, Warp Prism  
  53  4:18  Probe (Chrono Boost)  
  54  4:28  Probe (Chrono Boost)  
  55  4:33  Probe (Chrono Boost)  
  56  4:39  Probe (Chrono Boost)  
  56  4:41  Sentry  
  56  4:42  Sentry  
  56  4:43  Gateway  
  56  4:45  Gateway  
  59  4:46  Probe (Chrono Boost)  
  59  4:48  Pylon  
  59  4:50  Probe (Chrono Boost)  
  59  4:51  Twilight Council  
  59  4:52  Assimilator  
  61  4:57  Assimilator, Probe (Chrono Boost)  
  61  4:58  Stalker  
  64  5:00  Probe (Chrono Boost)  
  64  5:03  Pylon  
  64  5:04  Observer  
  66  5:07  Probe (Chrono Boost)  
  66  5:10  Stalker x2  
  66  5:11  Probe (Chrono Boost)  
  66  5:13  Gateway  
  72  5:17  Gateway  
  72  5:20  Probe x2 (Chrono Boost)  
  74  5:21  Probe (Chrono Boost)  
  74  5:24  Sentry  
  77  5:30  Probe (Chrono Boost)  
  77  5:31  Probe (Chrono Boost)  
  77  5:34  Blink  
  79  5:37  Probe (Chrono Boost)  
  79  5:39  Adept x2  
  79  5:41  Probe (Chrono Boost)  
  79  5:42  Probe (Chrono Boost)  
  86  5:48  Probe (Chrono Boost)  
  87  5:51  Probe (Chrono Boost)  
  87  5:54  Adept x3  
  88  6:00  Probe (Chrono Boost)  
  88  6:01  Sentry  
  78  6:04  Adept  
  78  6:09  Probe (Chrono Boost)  
  78  6:10  Probe (Chrono Boost)  
  78  6:14  Probe (Chrono Boost)  
  78  6:18  Immortal (Chrono Boost)  
  83  6:19  Probe  
  83  6:20  Probe  
  83  6:23  Probe  
  86  6:29  Stalker x3  
  86  6:30  Stalker, Probe  
  86  6:32  Probe  
  96  6:34  Probe  
  96  6:39  Forge  
  97  6:40  Probe  
  97  6:44  Probe x2  
  100  6:50  Stargate  
  100  6:51  Probe  
  100  6:52  Assimilator, Pylon  
  100  6:53  Pylon  
  101  6:57  Assimilator  
  101  6:59  Stargate  
  101  7:01  Colossus (Chrono Boost)  
  101  7:03  Pylon  
  101  7:05  Pylon  
  101  7:08  Probe x2, Pylon  
  101  7:10  Probe  
  101  7:15  Protoss Air Weapons Level 1  
  104  7:17  Pylon  
  104  7:24  Probe  
  105  7:33  Phoenix (Chrono Boost)  
  107  7:37  Stalker  
  107  7:38  Stalker x3  
  107  7:40  Photon Cannon  
  107  7:41  Photon Cannon  
  107  7:42  Photon Cannon, Protoss Ground Weapons Level 1 (Chrono Boost)  
  107  7:43  Phoenix (Chrono Boost)  
  115  7:58  Phoenix (Chrono Boost)  
  117  8:01  Probe  
  117  8:05  Phoenix (Chrono Boost)  
  120  8:06  Probe, Observer  
  120  8:12  Pylon  
  122  8:15  Stalker  
  122  8:16  Stalker  
  126  8:20  Stalker x2  
  126  8:21  Probe  
  126  8:22  Probe  
  126  8:23  Pylon  
  132  8:28  Phoenix (Chrono Boost)  
  132  8:29  Phoenix (Chrono Boost), Pylon  
  136  8:49  Immortal  
  136  8:50  Charge  
  136  8:54  Phoenix  
  142  8:58  Pylon  
  142  8:59  Nexus  
  142  9:02  Adept x4, Pylon  
  148  9:03  Adept x2  
  148  9:06  Phoenix  
  156  9:12  Pylon  
  156  9:14  Adept  
  158  9:21  Phoenix  
  160  9:27  Phoenix  
  160  9:31  Immortal  
  166  9:33  Adept  
  166  9:34  Adept x3  
  144  9:46  Phoenix  
  136  9:55  Adept x6  
  136  10:10  Immortal  
  134  10:17  Robotics Facility  
  134  10:18  Protoss Ground Weapons Level 2 (Chrono Boost)  
  134  10:19  Probe  
  135  10:22  Assimilator  
  135  10:27  Assimilator, Phoenix  
  137  10:29  Adept  
  137  10:30  Adept x2  
  137  10:31  Zealot x3  
  137  10:34  Probe  
  137  10:35  Probe x2  
  151  10:36  Probe  
  147  10:44  Phoenix  
  147  10:49  Immortal  
  145  10:52  Phoenix  
  145  10:57  Zealot x3  
  145  10:58  Zealot x2  
  135  11:13  Zealot x2  
  133  11:19  Zealot x5  
  143  11:27  Phoenix  
  143  11:30  Immortal (Chrono Boost)  
  143  11:32  Phoenix  
  155  11:34  Immortal (Chrono Boost)  
  155  11:36  Sentry x2  
  155  11:39  Zealot x3  
  165  11:40  Zealot x2  
  165  11:46  Templar Archives  
  129  12:04  Zealot  
  129  12:05  Zealot x2  
  129  12:06  Zealot  
  129  12:07  Zealot  
  135  12:09  Zealot x2  
  119  12:25  Zealot x2  
  119  12:26  Zealot  
  98  12:32  Sentry x3  
  98  12:33  Probe x2, Sentry  
  98  12:34  Probe x2  
  98  12:36  Phoenix  
  98  12:37  Phoenix  
  112  12:43  Mothership Core  
  116  12:46  Probe, Immortal (Chrono Boost)  
  116  12:50  Immortal (Chrono Boost)  
  123  12:57  Zealot  
  125  13:01  Zealot  
  125  13:02  High Templar  
  125  13:03  High Templar  
  131  13:07  Archon  
  131  13:09  High Templar x2  
  131  13:10  High Templar  
  134  13:17  Archon  
  134  13:19  High Templar  
  136  13:24  Archon  
  140  13:28  Probe x2, Immortal (Chrono Boost)  
  140  13:30  Probe  
  140  13:31  Probe  
  144  13:38  Probe  
  144  13:39  Zealot  
  144  13:40  Probe  
  148  13:43  High Templar x2  
  148  13:47  Archon  
  152  13:48  Zealot  
  152  13:49  Zealot  
  124  14:07  Zealot x2  
  124  14:08  Zealot  
  112  14:15  Immortal (Chrono Boost)  
  120  14:19  Zealot, Immortal (Chrono Boost)  
  114  14:29  High Templar x4  
  120  14:33  Archon x2  
  120  14:36  High Templar  
  120  14:37  High Templar  
  124  14:41  Archon  
  124  14:43  Zealot  
  126  14:49  Immortal (Chrono Boost)  
  134  14:58  Immortal (Chrono Boost)  
  134  15:01  High Templar x2  
  134  15:02  Zealot x2  
  134  15:06  Archon  
  92  15:21  Zealot x2  
  92  15:22  Zealot  
Show
View Real Time Build Order
Export as new Build Order

Cham Zerg - Winner!

Build Orders: Hatch First, Lurkers 

Get SALT Encoding   

  12  0:01  Drone  
  13  0:08  Drone  
  14  0:17  Overlord  
  14  0:36  Drone x3  
  17  0:51  Hatchery  
  17  0:54  Drone  
  17  0:59  Drone  
  17  1:01  Extractor  
  17  1:11  Drone  
  17  1:16  Spawning Pool  
  17  1:21  Drone  
  18  1:31  Drone  
  19  1:42  Drone  
  20  1:50  Hatchery  
  20  1:54  Drone  
  20  2:07  Queen  
  22  2:12  Drone  
  22  2:14  Drone  
  24  2:19  Overlord  
  24  2:26  Drone x2  
  26  2:32  Queen  
  28  2:37  Overlord  
  28  2:45  Pneumatized Carapace  
  28  2:47  Drone x2  
  28  2:48  Drone x2  
  32  2:58  Overlord  
  32  2:59  Drone  
  32  3:03  Drone  
  34  3:08  Overlord  
  34  3:09  Drone  
  35  3:15  Drone  
  35  3:17  Drone  
  35  3:18  Queen  
  39  3:21  Drone x4  
  39  3:25  Overlord  
  43  3:31  Drone  
  44  3:34  Overlord  
  44  3:35  Drone  
  44  3:39  Metabolic Boost  
  45  3:42  Overlord  
  45  3:46  Drone x3  
  45  3:47  Drone  
  49  3:49  Drone  
  49  3:55  Drone  
  50  3:58  Drone  
  50  4:01  Drone x2  
  52  4:03  Drone  
  52  4:07  Zergling x6  
  55  4:13  Lair  
  55  4:15  Extractor  
  55  4:16  Extractor, Drone x4  
  57  4:19  Drone x2  
  59  4:25  Zergling x2  
  59  4:28  Overlord  
  60  4:38  Drone x3  
  60  4:39  Drone x2  
  63  4:45  Overlord  
  63  4:47  Drone x2  
  63  4:48  Zergling x10  
  63  4:52  Overlord  
  70  4:54  Overlord  
  70  4:56  Zergling x2  
  71  5:05  Overlord  
  71  5:06  Drone  
  71  5:07  Drone  
  73  5:09  Extractor  
  73  5:13  Drone x3  
  73  5:14  Zergling x4, Spire  
  74  5:15  Zergling x4  
  74  5:19  Zergling x8, Hatchery  
  81  5:24  Zergling x2  
  81  5:29  Zergling x2  
  81  5:30  Zergling x2  
  81  5:31  Zergling x2  
  84  5:40  Zergling x2  
  84  5:41  Zergling x4  
  84  5:42  Zergling x8  
  92  5:43  Zergling x2  
  92  5:48  Zergling x4  
  92  5:49  Zergling x2  
  95  5:56  Zergling x6  
  84  6:14  Drone x2  
  84  6:16  Drone  
  84  6:17  Overlord, Drone  
  84  6:19  Zergling x14  
  84  6:22  Zergling x2  
  84  6:24  Overlord  
  90  6:28  Overlord  
  90  6:29  Hatchery  
  90  6:30  Mutalisk  
  91  6:36  Mutalisk x2  
  95  6:40  Mutalisk x4  
  95  6:42  Mutalisk  
  95  6:43  Mutalisk  
  106  6:49  Mutalisk  
  106  6:53  Mutalisk  
  110  6:58  Drone x2  
  110  6:59  Drone x3  
  110  7:00  Drone  
  116  7:02  Extractor  
  116  7:04  Extractor  
  116  7:05  Drone x2  
  116  7:06  Evolution Chamber  
  115  7:12  Drone  
  115  7:13  Drone  
  118  7:15  Drone  
  118  7:16  Hydralisk Den  
  118  7:17  Mutalisk  
  118  7:22  Mutalisk  
  121  7:31  Mutalisk  
  121  7:32  Overlord  
  121  7:34  Drone x7  
  130  7:38  Zerg Missile Weapons Level 1  
  134  7:58  Hydralisk x7  
  130  7:59  Hydralisk  
  130  8:02  Hydralisk  
  130  8:03  Zergling x2  
  130  8:05  Queen  
  149  8:11  Overlord x5  
  149  8:12  Overlord x3  
  151  8:13  Overlord  
  151  8:21  Overlord  
  151  8:23  Hydralisk  
  151  8:26  Muscular Augments  
  151  8:31  Hydralisk x3  
  151  8:32  Hydralisk x2  
  151  8:33  Hydralisk  
  163  8:34  Zergling x4  
  163  8:37  Hydralisk  
  163  8:38  Zergling x6  
  163  8:40  Hydralisk  
  163  8:41  Zergling x4  
  174  8:46  Hydralisk x2  
  178  8:53  Hydralisk x2  
  182  8:57  Hydralisk x2  
  182  8:58  Zergling x4  
  182  8:59  Zergling x2  
  189  9:03  Extractor, Hydralisk  
  189  9:04  Hatchery  
  189  9:05  Hydralisk  
  189  9:08  Extractor, Hydralisk  
  189  9:09  Hydralisk  
  192  9:11  Zergling x10  
  176  9:45  Hydralisk x9  
  152  9:46  Hydralisk x2  
  152  9:50  Hydralisk  
  152  9:51  Hydralisk  
  152  9:52  Zergling x10  
  165  9:57  Hydralisk x2  
  166  10:03  Hydralisk x2  
  156  10:09  Hydralisk x2  
  144  10:15  Hydralisk x2  
  144  10:18  Hydralisk  
  144  10:19  Zergling x4  
  144  10:20  Queen  
  154  10:22  Zergling x2  
  154  10:24  Zerg Missile Weapons Level 2  
  154  10:27  Zergling x10  
  154  10:28  Zergling x14  
  165  10:29  Zergling x2  
  165  10:32  Lurker Den  
  165  10:35  Hydralisk  
  168  10:36  Zergling x6  
  164  10:47  Hydralisk x3  
  164  10:48  Zergling x4  
  147  10:51  Hydralisk x2  
  149  10:57  Hydralisk x5  
  149  10:58  Zergling x2  
  149  10:59  Zergling x8  
  149  11:02  Hydralisk x2  
  149  11:03  Zergling x2  
  149  11:04  Zergling x2  
  150  11:16  Hydralisk x6  
  154  11:18  Hydralisk  
  154  11:19  Zergling x2  
  154  11:22  Hydralisk  
  154  11:23  Zergling x2  
  160  11:26  Hydralisk x2  
  160  11:27  Zergling x12  
  160  11:30  Hydralisk x2  
  174  11:37  Hydralisk x2  
  174  11:38  Hydralisk  
  181  11:40  Zergling x2  
  170  11:55  Hydralisk  
  170  11:56  Hydralisk x6  
  157  12:07  Hydralisk x3  
  160  12:11  Hydralisk x3  
  164  12:21  Hydralisk x5  
  166  12:23  Zergling x4  
  166  12:27  Hydralisk x2  
  145  12:33  Hydralisk x2  
  145  12:35  Hydralisk  
  139  12:38  Lurker, Zergling x4  
  139  12:39  Zergling x2  
  139  12:40  Lurker  
  139  12:44  Zergling x4, Lurker  
  146  12:46  Zergling x4  
  146  12:48  Lurker  
  146  12:50  Zergling x4  
  152  12:54  Lurker, Zergling x2  
  152  12:55  Zergling x2  
  155  12:59  Lurker  
  155  13:00  Zergling x10  
  155  13:02  Lurker  
  155  13:04  Hydralisk  
  164  13:08  Hydralisk x2  
  164  13:09  Zergling x2  
  164  13:11  Zergling x4  
  171  13:15  Lurker, Hydralisk  
  171  13:16  Zergling x2  
  171  13:17  Zergling x2  
  172  13:22  Lurker  
  172  13:26  Hydralisk x3  
  180  13:27  Zergling x4  
  180  13:30  Hydralisk  
  180  13:31  Zergling x2, Hydralisk x3  
  184  13:36  Hydralisk  
  184  13:37  Hydralisk  
  184  13:40  Zergling x2  
  184  13:41  Zergling x2  
  189  13:51  Lurker x2  
  189  13:52  Lurker  
  183  13:55  Hydralisk x2  
  183  13:56  Hydralisk x2  
  183  13:57  Hatchery  
  183  14:02  Hydralisk x3  
  163  14:06  Hydralisk  
  163  14:08  Hydralisk  
  155  14:15  Hydralisk x2  
  155  14:16  Hydralisk  
  161  14:18  Hydralisk  
  161  14:21  Hydralisk x2  
  161  14:23  Hydralisk  
  169  14:29  Hydralisk  
  169  14:30  Hydralisk x2  
  167  14:34  Lurker x2  
  167  14:35  Hydralisk  
  167  14:38  Hydralisk  
  171  14:39  Hydralisk  
  171  14:41  Hydralisk  
  171  14:43  Hydralisk  
  171  14:45  Zergling x4  
  181  14:48  Zergling x4  
  181  14:49  Lurker  
  181  14:50  Zergling x2  
  185  14:58  Overseer  
  184  15:00  Hydralisk x3  
  184  15:01  Zergling x4  
Tags
 
Add a new tag
Caveats
  • Supply blocks, unpowered buildings, or Contaminate may cause inaccurate times.
  • Supply counts are checked every 10 seconds.